 Dungeon Crawl Stone Soup version 0.20-a0-277-g7db01f4 (webtiles) character file.

225 tsouns the Shooter (level 5, -2/41 HPs)
             Began as a Demonspawn Wanderer on Dec 11, 2016.
             Slain by an iguana (14 damage)
             ... on level 4 of the Dungeon.
             The game lasted 00:09:54 (3107 turns).

tsouns the Shooter (Demonspawn Wanderer)            Turns: 3107, Time: 00:09:55

Health: -2/41      AC:  4    Str: 12    XL:     5   Next: 68%
Magic:  5/5        EV: 11    Int: 16    God:
Gold:   199        SH:  0    Dex: 11    Spells: 0/4 levels left

rFire  . . .     SeeInvis .     t - +0 spear (pierce)
rCold  + . .     Gourm    .     e - +1 robe
rNeg   . . .     Faith    .     (no shield)
rPois  .         Spirit   .     l - +0 helmet
rElec  .         Reflect  .     (no cloak)
rCorr  .         Harm     .     (no gloves)
MR     .....                    (no boots)
Stlth  +.........               (no amulet)
                                (no ring)
                                s - ring of protection from cold

@: no status effects
A: claws 1, powered by pain 1
a: no special abilities


You were on level 4 of the Dungeon.
You were not hungry.

You visited 1 branch of the dungeon, and saw 4 of its levels.

You collected 199 gold pieces.

Inventory:

Hand Weapons
 b - a +0 shortbow
 h - a +0 trident
 j - a +0 whip
 t - a +0 spear of piercing (weapon)
Missiles
 c - 26 arrows
 g - 166 stones (quivered)
Armour
 e - a +1 robe (worn)
 l - a +0 helmet (worn)
Jewellery
 s - a ring of protection from cold (left claw)
Wands
 a - a wand of confusion (15/48)
 x - a wand of paralysis (16/24)
Scrolls
 k - a scroll of enchant weapon {unknown}
 q - 2 scrolls of teleportation
 r - 4 scrolls of remove curse
 u - a scroll of identify
Potions
 i - a potion of resistance
Books
 d - the Compendium of Sinister Rites

   Spells                             Type                      Level
   a - Animate Skeleton               Necromancy                   1
   b - Regeneration                   Charms/Necromancy            3
Comestibles
 f - 2 bread rations
 m - a slice of pizza
 n - 3 meat rations
 o - a beef jerky


   Skills:
 + Level 3.2 Fighting
 + Level 2.3 Polearms
 + Level 3.7 Bows
 - Level 1.0 Stealth
 - Level 0.1 Spellcasting
 - Level 3.2 Necromancy
   Level 1.7 Ice Magic
 - Level 1.0 Evocations


You couldn't memorise any spells.
You knew the following spells:

 Your Spells              Type           Power        Failure   Level  Hunger
a - Animate Skeleton      Necr           N/A          10%         1    ##.....
b - Regeneration          Chrm/Necr      #.........   38%         3    ####...


Dungeon Overview and Level Annotations

Branches:
Dungeon (4/15)
 Temple: D:4-7

Altars:
Ashenzari
The Shining One

Shops:
D:4 [


Innate Abilities, Weirdness & Mutations

You have sharp fingernails.
You sometimes gain a little power by taking damage.


Message History

The iguana bites you but does no damage.
You hit the iguana.
The iguana is moderately wounded.
The iguana closely misses you.
You hit the iguana.
The iguana is severely wounded.
The iguana bites you.
You completely miss the iguana.
The iguana is severely wounded.
The iguana bites you!
You are too injured to fight recklessly!
You are too injured to fight recklessly!
You hit the iguana but do no damage.
The iguana is severely wounded.
The iguana bites you!
* * * LOW HITPOINT WARNING * * *
You hit the iguana but do no damage.
The iguana is severely wounded.
The iguana bites you!
You die...

#.#######.#######
#.......#........
#######.#####....
#...........##. ####
#.#...####...#.
....#####.#............
.###.......#.######.#.##
.................)))..[.
.......@.....###########
...##..l##.....# #..
#...##.#.#.# #.#
...(..#.#.#.# #.#
###(####.#.#.#######.#
.. ##...#.#....##.# .#.
#............... '..∩
.'<.#####.....#.#
.#............#.#


You could see an iguana.

Vanquished Creatures
  A hound (D:4)
  An orc priest (D:4)
  An orc wizard (D:4)
  A bullfrog skeleton (D:4)
  2 adders
  An ooze (D:1)
  2 worms
  3 dart slugs
  2 leopard geckos
  3 orcs (D:4)
  4 bats
  3 giant cockroaches
  3 goblins
  8 hobgoblins
  6 jackals
  11 kobolds
  5 quokkas
  A ball python (D:2)
  4 frilled lizards
  8 rats
70 creatures vanquished.

Notes
Turn   | Place    | Note
-------+----------+-------------------------------------------
     0 | D:1      | tsouns the Demonspawn Wanderer began the quest for the Orb.
     0 | D:1      | tsouns set off with: a wand of confusion (15/48), a +0 shortbow, 22 arrows, the Compendium of Sinister Rites, a +0 robe, a bread ration
     0 | D:1      | Reached XP level 1. HP: 16/16 MP: 1/1
     2 | D:1      | Identified the Compendium of Sinister Rites
   148 | D:1      | Gained mutation: You sometimes gain a little power by taking damage. [demonic ancestry]
   148 | D:1      | Reached XP level 2. HP: 20/22 MP: 2/2
   293 | D:1      | Learned a level 1 spell: Animate Skeleton
   619 | D:1      | Reached XP level 3. HP: 27/27 MP: 3/3
  1705 | D:3      | Found a shattered altar of Ashenzari.
  1732 | D:3      | Reached skill level 1 in Polearms
  1777 | D:3      | Gained mutation: You have sharp fingernails. [demonic ancestry]
  1777 | D:3      | Reached XP level 4. HP: 29/33 MP: 4/4
  1907 | D:3      | Found a glowing golden altar of the Shining One.
  2622 | D:4      | Reached XP level 5. HP: 40/40 MP: 5/5
  2679 | D:4      | Learned a level 3 spell: Regeneration
  3097 | D:4      | Found Hen Gide's Armour Boutique.
  3107 | D:4      | Slain by an iguana

Vault maps used:
D:1:      dpeg_arrival_rhombi
D:2:      serial_co_window_serial, co_window_corner_a, co_window_paths_a,
          co_window_corner_a, co_window_corner_a, co_window_corner_a,
          co_window_paths_a, co_window_paths_c, co_window_broadway_c,
          co_window_of_opportunity_c, co_window_4corner_a, glass_columns_a,
          glass_columns_a, glass_columns_b, glass_columns_b, glass_columns_a
D:3:      lemuel_doored_altar, serial_forest, infiniplex_forest_end_1,
          infiniplex_forest_lined_room_2, infiniplex_forest_corner_2,
          infiniplex_forest_corner_1, infiniplex_forest_corner_1,
          infiniplex_forest_clump_medium, infiniplex_forest_lined_3_way,
          infiniplex_forest_lined_room_2, nicolae_tso_swordbearing_angel
D:4:      kennysheep_vampire_church, serial_shops, kennysheep_little_box

Skill      XL: |  1  2  3  4  5 |
---------------+----------------+-----
Bows           | 2 3 |  3.7
Polearms       | 1 2 |  2.3
Fighting       | 3 |  3.2
Stealth        | |  1.0
Spellcasting   | |  0.1
Necromancy     | |  3.2
Ice Magic      | |  1.7
Evocations     | |  1.0

Action                   |  1- 3 |  4- 6 || total
-------------------------+-------+-------++-------
Melee: Spear             |    14 |   101 ||   115
 Fire: Shortbow          |   133 |    12 ||   145
Throw: Stone             |       |     6 ||     6
  Use: Scroll            |     9 |     2 ||    11
       Potion            |       |     3 ||     3
 Stab: Distracted        |       |     1 ||     1
  Eat: Chunk             |     2 |     4 ||     6
       Pizza             |       |     1 ||     1
Armor: Robe              |    15 |    22 ||    37
       Skin              |       |    18 ||    18
Dodge: Dodged            |    21 |    39 ||    60
